 Seeded DCSS version 0.28-a0-1567-g1695149f81 (webtiles) character file.

Game seed: 138 (custom seed)

5070 knot the Cleaver (level 10, -15/70 HPs)
             Began as a Demonspawn Berserker on Jan 19, 2022.
             Was a Priest of Trog.
             Demolished by a boulder beetle (34 damage)
             ... on level 9 of the Dungeon.
             The game lasted 00:13:18 (9920 turns).

knot the Cleaver (Demonspawn Berserker)             Turns: 9920, Time: 00:13:18

Health: -15/70     AC:  9    Str: 21    XL:     10   Next: 31%
Magic:  10/10      EV: 15    Int: 13    God:    Trog [***...]
Gold:   447        SH:  0    Dex: 13    Spells: 9/9 levels left

rFire   + . .      SeeInvis .   I - +9 war axe of Calamity {freeze, rN+ rCorr Str+4 Stlth-}
rCold   + . .      Faith    .   (no shield)
rNeg    + . .      Spirit   .   k - +0 ring mail {rC+}
rPois   +          Reflect  .   (helmet restricted)
rElec   .          Harm     .   u - +1 cloak {rPois}
rCorr   +          Rampage  .   e - +0 pair of gloves
Will    .....                   y - +0 pair of boots
Stlth   ..........              z - amulet of the acrobat
HPRegen 0.21/turn               f - ring of protection from fire
MPRegen 0.24/turn               D - +4 ring of evasion

@: no status effects
A: antennae 2, powered by death 2, magic regeneration
a: Renounce Religion, Berserk, Trog's Hand


You were on level 9 of the Dungeon.
You worshipped Trog.
Trog was most pleased with you.
You visited 1 branch of the dungeon, and saw 9 of its levels.

You collected 447 gold pieces.

Inventory:

Hand Weapons
 a - a +0 hand axe
 m - a +1 hand axe of flaming
 I - the +9 war axe of Calamity (weapon) {freeze, rN+ rCorr Str+4 Stlth-}
   (You found it on level 8 of the Dungeon)

   It freezes those it strikes, dealing additional cold damage.
   It can also slow down cold-blooded creatures.
   Str:       It affects your strength (+4).
   rN:        It protects you from negative energy.
   rCorr:     It protects you from acid and corrosion.
   Stlth:     It makes you less stealthy.
 L - a +0 hand axe of electrocution
Missiles
 c - 109 stones
 l - 4 boomerangs
 s - 9 poisoned darts (quivered)
 F - 2 datura-tipped darts
Armour
 e - a +0 pair of gloves (worn)
 g - a +1 leather armour of fire resistance
 k - a +0 ring mail of cold resistance (worn)
 u - a +1 cloak of poison resistance (worn)
 y - a +0 pair of boots (worn)
 M - a +1 scale mail of fire resistance
Jewellery
 f - a ring of protection from fire (left hand)
 h - a ring of ice
 t - a ring of protection from fire
 x - a +6 ring of dexterity
 z - an amulet of the acrobat (around neck)
 D - a +4 ring of evasion (right hand)
 N - a ring of ice
Wands
 A - a wand of iceblast (19)
 K - a wand of paralysis (12)
Scrolls
 d - 9 scrolls of identify
 j - a scroll of fog
 v - 2 scrolls of blinking
 w - a scroll of noise {unknown}
 B - a scroll of enchant armour {unknown}
 C - a scroll of immolation {unknown}
 E - 2 scrolls of teleportation {unknown}
 J - a scroll of torment {unknown}
 O - a scroll of vulnerability {unknown}
Potions
 b - 3 potions of heal wounds
 i - 2 potions of ambrosia {unknown}
 n - 3 potions of haste
 o - a potion of flight {unknown}
 p - 2 potions of might {unknown}
 q - 3 potions of curing
 r - a potion of mutation {unknown}
 G - a potion of cancellation {unknown}
 H - a potion of berserk rage {unknown}


   Skills:
 - Level 3.0 Fighting
 * Level 14.0 Axes
 * Level 1.7 Throwing
 - Level 1.7 Armour
 - Level 1.7 Dodging


You had 9 spell levels left.
You didn't know any spells.
Your spell library contained the following spells:

 Spells                   Type           Power      Damage    Failure   Level
 Animate Skeleton         Necr           0%         N/A       45%         1
 Apportation              Tloc           0%         N/A       45%         1
 Sting                    Tmut/Pois      0%         1d3       45%         1
 Summon Small Mammal      Summ           0%         N/A       45%         1
 Sublimation of Blood     Necr           0%         N/A       58%         2
 Gell's Gravitas          Tloc           0%         N/A       83%         3
 Lesser Beckoning         Tloc           0%         N/A       83%         3
 Portal Projectile        Hex/Tloc       0%         N/A       83%         3
 Teleport Other           Tloc           0%         N/A       83%         3
 Tukima's Dance           Hex            0%         N/A       83%         3
 Anguish                  Hex/Necr       0%         N/A       99%         4
 Petrify                  Tmut/Erth      0%         N/A       99%         4
 Summon Lightning Spire   Summ/Air       0%         N/A       99%         4
 Blade Hands              Tmut           0%         N/A       100%        5
 Excruciating Wounds      Necr           0%         N/A       100%        5
 Irradiate                Conj/Tmut      0%         3d13      100%        5
 Statue Form              Tmut/Erth      0%         N/A       100%        6
 Enfeeble                 Hex            0%         N/A       100%        7
 Necromutation            Tmut/Necr      0%         N/A       100%        8


Dungeon Overview and Level Annotations

Branches:
Dungeon (9/15)             Temple (0/1) D:4            Lair (0/6) D:8
    Orc: D:9-12

Altars:
Ashenzari
Dithmenos
Elyvilon
Fedhas
Gozag
Hepliaklqana
Makhleb
Ru
Uskayaw
Vehumet
Wu Jian
Zin

Shops:
D:3 *   D:6 *   D:7 *   D:8 *


Innate Abilities, Weirdness & Mutations

You have a pair of antennae on your head.
You regenerate health from kills.
You regenerate magic rapidly.


Message History

You sense a monster nearby.
No target in view!
Found a stone staircase leading up.
No target in view!
No target in view!
No target in view!
You sense a monster nearby.
A centaur comes into view.
The centaur shouts!
You hear an angry hiss.
A boulder beetle comes into view.
The centaur wields a +0 shortbow.
The centaur shoots an arrow.
The arrow misses you.
A steam dragon comes into view.
The steam dragon hisses angrily.
The centaur unwields a +0 shortbow.
The centaur misses you. x2
You slash the centaur! You freeze the centaur.
The centaur is almost dead.
The centaur completely misses you.
The centaur kicks you but does no damage.
The steam dragon breathes steam at you. The ball of steam hits you. You resist.
The boulder beetle curls into a ball and begins rolling!
The centaur is engulfed in a cloud of scalding steam.
The centaur wields a +0 shortbow.
The centaur shoots an arrow.
The arrow completely misses you.
The centaur shoots an arrow.
The arrow misses you.
You feel a bit more experienced. The boulder beetle hits you!!!
Ouch! That really hurt!
* * * LOW HITPOINT WARNING * * *
The boulder beetle stops rolling and uncurls.
Unknown command.
You feel much better. The boulder beetle bites you!!
* * * LOW HITPOINT WARNING * * *
Unknown command.
You feel much better. The boulder beetle bites you!
* * * LOW HITPOINT WARNING * * *
The boulder beetle curls into a ball and begins rolling!
There is a stone staircase leading up here.
The boulder beetle hits you!!
You die...

#.#.# #..... #.#.#
###### #.#.# # #.#.#
#### #.#.#########
.....#.#.#c§§{D...
####..#.#.#.###### #
........B.D.....!.. .
.##.#.@#○#........ .
#.......#.##...#########
..##....#.. ...+........
......####...#...#....
####...# #...#...'....
....# #...#...#####
##.#.# #.....)......
....# ##.......#.#.
#.....#.#.#.


You could see a boulder beetle (rolling) and a steam dragon.

Vanquished Creatures
  A cyclops (D:7)
  2 centaur zombies
  An unseen horror (D:7)
  Grinder (D:3)
  2 hornets
  A vampire (D:7)
  3 yaks (D:8)
  A wyvern (D:8)
  Edmund (D:5)
  2 water moccasins
  2 orc warriors
  A centaur (D:8)
  3 bullfrogs
  4 scorpions
  A gnoll sergeant (D:7)
  A water moccasin skeleton (D:4)
  8 wights
  5 killer bees (D:7)
  A howler monkey (D:6)
  2 hounds (D:5)
  A jelly (D:7)
  A gnoll shaman (D:8)
  5 orc priests
  Crazy Yiuf (D:5)
  Jessica (D:3)
  6 iguanas
  Natasha (twice) (D:3)
  5 orc wizards
  A killer bee zombie (D:8)
  2 hound skeletons (D:4)
  2 howler monkey zombies
  10 gnolls
  8 adders
  A white imp (D:6)
  A worm (D:2)
  6 dart slugs
  35 orcs
  5 endoplasms
  4 giant cockroaches
  5 goblins
  8 hobgoblins
  7 jackals
  7 kobolds
  3 quokkas
  6 ball pythons
  8 bats
  A frilled lizard (D:3)
  A rat (D:1)
186 creatures vanquished.

Vanquished Creatures (others)
  A centaur (D:9)
1 creature vanquished.

Grand Total: 187 creatures vanquished

Notes
Turn   | Place    | Note
-------+----------+-------------------------------------------
     0 | D:1      | knot the Demonspawn Berserker began the quest for the Orb.
     0 | D:1      | Reached XP level 1. HP: 18/18 MP: 1/1
    21 | D:1      | Reached skill level 3 in Axes
   250 | D:1      | Gained mutation: You have a pair of small antennae on your
                  | head. [demonic ancestry]
   250 | D:1      | Reached XP level 2. HP: 23/24 MP: 2/2
   301 | D:1      | Noticed an eye of devastation
   302 | D:1      | Found a faded altar of an unknown god.
   305 | D:1      | Noticed a floating eye
   312 | D:1      | Noticed a shining eye
   327 | D:1      | Noticed a shining eye
   387 | D:1      | Got Sif Muna's Volume of Flying Transmigration
   724 | D:2      | Reached XP level 3. HP: 17/29 MP: 3/3
  1083 | D:2      | Reached skill level 4 in Axes
  1091 | D:2      | Reached ** piety under Trog
  1524 | D:2      | Gained mutation: You regenerate a little health from kills.
                  | [demonic ancestry]
  1524 | D:2      | Reached XP level 4. HP: 31/35 MP: 4/4
  2022 | D:3      | Noticed Jessica
  2032 | D:3      | Killed Jessica
  2033 | D:3      | Reached skill level 5 in Axes
  2241 | D:3      | Found Adghauck's Assorted Antiques.
  2315 | D:3      | Found an ornate altar of the Wu Jian Council.
  2454 | D:3      | Gained mutation: You have a pair of antennae on your head.
                  | [demonic ancestry]
  2454 | D:3      | Reached XP level 5. HP: 41/41 MP: 5/5
  2610 | D:3      | Noticed Grinder
  2610 | D:3      | Noticed Natasha
  2619 | D:3      | Killed Grinder
  2620 | D:3      | Reached skill level 6 in Axes
  2620 | D:3      | Reached XP level 6. HP: 47/47 MP: 6/6
  2621 | D:3      | Killed Natasha
  2898 | D:3      | Noticed Natasha
  2910 | D:3      | Killed Natasha
  3744 | D:4      | Reached skill level 7 in Axes
  4057 | D:4      | Found a staircase to the Ecumenical Temple.
  4187 | D:4      | Reached XP level 7. HP: 51/52 MP: 7/7
  4377 | D:5      | Entered Level 5 of the Dungeon
  4396 | D:5      | Found a blossoming altar of Fedhas.
  4399 | D:5      | Noticed Edmund
  4407 | D:5      | Killed Edmund
  4408 | D:5      | Reached skill level 8 in Axes
  4600 | D:5      | Found a runed translucent door.
  4601 | D:5      | Noticed Crazy Yiuf
  4609 | D:5      | Killed Crazy Yiuf
  4901 | D:5      | You fall into a shaft and drop 1 floor!
  5223 | D:5      | Reached skill level 9 in Axes
  5223 | D:5      | Gained mutation: You regenerate health from kills. [demonic
                  | ancestry]
  5223 | D:5      | Reached XP level 8. HP: 54/58 MP: 8/8
  5939 | D:6      | Reached skill level 10 in Axes
  6716 | D:6      | Found Diekumi's Desiderata Depot.
  6921 | D:7      | Reached skill level 11 in Axes
  6957 | D:7      | Killed an unseen horror
  6958 | D:7      | Reached XP level 9. HP: 63/63 MP: 9/9
  7117 | D:7      | Found Kiti Cuo's General Store.
  7173 | D:7      | Noticed a cyclops
  7186 | D:7      | Killed a cyclops
  7324 | D:7      | Reached skill level 12 in Axes
  7555 | D:7      | Reached *** piety under Trog
  7680 | D:7      | Found a hide-covered altar of Uskayaw.
  7683 | D:7      | Found a radiant altar of Vehumet.
  8071 | D:8      | Reached skill level 13 in Axes
  8280 | D:8      | Found a staircase to the Lair.
  8422 | D:8      | Gained mutation: You regenerate magic rapidly. [demonic
                  | ancestry]
  8422 | D:8      | Reached XP level 10. HP: 70/70 MP: 10/10
  8723 | D:8      | Found Zin's Purification Station.
  8731 | D:8      | Identified the +9 war axe of Calamity {freeze, rN+ rCorr
                  | Str+4 Stlth-}
  9392 | D:8      | Found a broken altar of Ashenzari.
  9396 | D:8      | Found a shadowy altar of Dithmenos.
  9400 | D:8      | Found a burning altar of Makhleb.
  9434 | D:8      | Found a hazy altar of Hepliaklqana.
  9441 | D:8      | Found a sacrificial altar of Ru.
  9546 | D:9      | Reached skill level 1 in Throwing
  9806 | D:9      | Found an opulent altar of Gozag.
  9812 | D:9      | Reached skill level 14 in Axes
  9911 | D:9      | Noticed a boulder beetle
  9920 | D:9      | Demolished by a boulder beetle

Illustrated notes

Levels and vault maps discovered:
D:1:      dpeg_arrival_rooms_a, layout_basic,
          hellmonk_ecumenical_altar_watching_god, minmay_misc_feat_nine_boxes
D:2:      layout_rooms
D:3:      layout_rooms, mainiacjoe_overflow_surrounded_room, serial_shops, shop,
          uniq_grinder, uniq_natasha, uniq_jessica
D:4:      layout_basic, minmay_temple_entry_offerings
D:5:      layout_loops_cross, mainiacjoe_overflow_alcove_1, uniq_edmund,
          uniq_crazy_yiuf_cottage
D:6:      layout_rooms, nicolae_alphabet_shops, kennysheep_donut
D:7:      layout_rooms, lemuel_tele_altar, mainiacjoe_overflow_tiny_flanked,
          serial_shops, nicolae_lakefront_shop
D:8:      layout_loops_ring, minitemple, zin_purify,
          grunt_temple_overflow_diamond, lair_entry_dummy
D:9:      layout_basic, nicolae_gozag_cash_rules_everything_around_me,
          minmay_orc_entry_temple_small, jiyva_altar_1, uniq_maurice

Skill      XL: |  1  2  3  4  5  6  7  8  9 10 |
---------------+-------------------------------+-----
Axes           | 3 4 5 6 7 9 11 13 14 | 14.0
Throwing       | 1 |  1.7
Fighting       | |  3.0
Armour         | |  1.7
Dodging        | |  1.7

Action                   |  1- 3 |  4- 6 |  7- 9 | 10-12 || total
-------------------------+-------+-------+-------+-------++-------
Melee: Hand axe          |    81 |   145 |   273 |    13 ||   512
       Punch             |     2 |     1 |     3 |       ||     6
       War axe           |       |       |       |    67 ||    67
Throw: Dart              |       |       |    14 |    10 ||    24
Invok: Berserk           |     3 |     4 |    13 |     4 ||    24
       Trog's Hand       |       |     1 |     2 |     1 ||     4
  Use: Scroll            |       |       |     2 |       ||     2
       Potion            |       |       |       |     3 ||     3
 Stab: Sleeping          |     1 |       |       |       ||     1
Armor: Animal skin       |    25 |       |       |       ||    25
       Leather armour    |       |    34 |     6 |       ||    40
       Ring mail         |       |       |    58 |    23 ||    81
Dodge: Dodged            |    61 |    82 |   117 |    62 ||   322

Table legend: (Time is in decaauts)
 A = Elapsed time spent in this place.
 B = Non-inter-level travel time spent in this place.
 C = Inter-level travel time spent in this place.
 D = Time resting spent in this place.
 E = Time spent auto-exploring this place.
 F = Levels seen in this place.
 G = Mean time per level.
                   A        B        C        D        E       F      G
               +--------+--------+--------+--------+--------+-----+--------+
         Total |  10074 |   9689 |    385 |   3227 |   5165 |   9 | 1119.3 |
       Dungeon |  10074 |   9689 |    385 |   3227 |   5165 |   9 | 1119.3 |
               +--------+--------+--------+--------+--------+-----+--------+

Top non-repeatable levels by time:
     D:7: 1541 daAuts
     D:2: 1317 daAuts
     D:4: 1295 daAuts
     D:5: 1263 daAuts
     D:6: 1258 daAuts
     D:3: 1193 daAuts
     D:8: 1045 daAuts
     D:1: 731 daAuts
     D:9: 427 daAuts
